 Dungeon Crawl Stone Soup version 0.19.0-2-gae57169 (webtiles) character file.

78 thirtiethelement the Bolt Thrower (level 4, -4/30 HPs)
             Began as an Octopode Wanderer on Nov 6, 2016.
             Slain by a gnoll
             ... wielding a cursed +0 halberd
              (19 damage)
             ... on level 2 of the Dungeon.
             The game lasted 00:09:42 (1685 turns).

thirtiethelement the Bolt Thrower (OpWn)            Turns: 1685, Time: 00:09:43

Health: -4/30      AC:  1    Str: 12    XL:     4   Next: 36%
Magic:  4/5        EV: 12    Int: 12    God:
Gold:   23         SH:  0    Dex: 13    Spells: 2 memorised, 1 level left

rFire  . . .     SeeInvis .     a - +2 hand crossbow
rCold  . . .     Gourm    .     (no shield)
rNeg   . . .     Faith    .     (helmet restricted)
rPois  .         Spirit   .     (no amulet)
rElec  .         Reflect  .     (no ring)
rCorr  .         Harm     .     (no ring)
MR     .....                    (no ring)
Stlth  +++.......               (no ring)
                                (no ring)
                                (no ring)
                                (no ring)
                                (no ring)

@: very slightly contaminated
A: almost no armour, stealthy swim, amphibious, 8 rings, constrict 8, camouflage
1, gelatinous body 1
a: no special abilities


You were on level 2 of the Dungeon.
You were not hungry.

You visited 1 branch of the dungeon, and saw 2 of its levels.

You collected 23 gold pieces.

Inventory:

Hand Weapons
 a - a +2 hand crossbow (weapon)
Missiles
 b - 2 bolts (quivered)
 e - 6 javelins
 o - 6 poisoned needles
Scrolls
 j - a scroll of remove curse
 n - a scroll of amnesia
 q - a scroll of teleportation
 r - a scroll of identify
Potions
 d - a potion of lignification
 g - a potion of brilliance
 h - a potion of invisibility
 m - a potion of ambrosia {unknown}
Books
 c - the Guide on Companions

   Spells                             Type                      Level
   a - Summon Butterflies             Summoning                    1
   b - Summon Guardian Golem          Hexes/Summoning              3
Comestibles
 f - a bread ration
 i - a beef jerky
 k - 2 meat rations
 p - a slice of pizza


   Skills:
 + Level 2.4 Fighting
 + Level 4.4 Crossbows
 + Level 0.4 Dodging
 + Level 1.7 Stealth
 + Level 1.2 Spellcasting
 + Level 0.2 Summonings
   Level 2.4 Poison Magic
   Level 1.1 Evocations


You had one spell level left.
You knew the following spells:

 Your Spells              Type           Power        Failure   Level  Hunger
a - Summon Butterflies    Summ           #.......     28%         1    ##.....
b - Summon Guardian Gole  Hex/Summ       #.......     88%         3    ####...


Dungeon Overview and Level Annotations

Branches:
Dungeon (2/15)

Altars:
Elyvilon
Vehumet


Innate Abilities, Weirdness & Mutations

You cannot wear most types of armour.
You are very stealthy in the water. (Stealth+)
You are amphibious.
You can wear up to eight rings at the same time.
You can use your tentacles to constrict eight enemies at once.
Your skin changes colour to match your surroundings (Stealth+).
Your rubbery body absorbs attacks. (AC +1, EV +1)


Message History

Aim: a gnoll You shoot a bolt.
The bolt barely misses the gnoll. x2
Firing (i - inventory. (,) - cycle):
b - 5 bolts (quivered)
Press: ? - help, Shift-Dir - straight line, f/p - gnoll
Aim: a gnoll You shoot a bolt.
The bolt hits the gnoll!
The gnoll is almost dead.
Firing (i - inventory. (,) - cycle):
b - 4 bolts (quivered)
Press: ? - help, Shift-Dir - straight line, f/p - gnoll
Aim: a gnoll (almost dead)
You shoot a bolt. The bolt hits the gnoll!
You kill the gnoll!
Firing (i - inventory. (,) - cycle):
b - 3 bolts (quivered)
Press: ? - help, Shift-Dir - straight line, f - gnoll
Aim: a gnoll, wielding a halberd You shoot a bolt.
The bolt hits the gnoll.
The gnoll is heavily wounded.
The gnoll hits you from afar with a halberd!!
Ouch! That really hurt!
You die...

#........# #.....(((#
#.....(### #........#
#.....(..#.# #
#...(......# #
#...g...#### # #$#
####.#### # #.# ##@##
# #.# ###...# # #.#
#.....# # #####.#####
#.#...# # #.........#
#.##.## #
#...#.###.###.#...####
##
.....................+
+.
#...#.###.###.#...####
## #..#..# #.###.##.##
....


You could see a gnoll.

Vanquished Creatures
  2 gnolls (D:2)
  An adder (D:2)
  An ooze (D:1)
  A leopard gecko (D:1)
  7 goblins
  10 hobgoblins
  A quokka (D:2)
  2 ball pythons
  4 bats
  4 frilled lizards
  5 kobolds
  6 rats
44 creatures vanquished.

Notes
Turn   | Place    | Note
-------+----------+-------------------------------------------
     0 | D:1      | thirtiethelement the Octopode Wanderer began the quest for the Orb.
     0 | D:1      | thirtiethelement set off with: a +2 hand crossbow, 22 bolts, the Guide on Companions, a potion of lignification, a bread ration
     0 | D:1      | Reached XP level 1. HP: 14/14 MP: 2/2
    40 | D:1      | Learned a level 1 spell: Summon Butterflies
   205 | D:1      | Reached XP level 2. HP: 19/19 MP: 3/3
   701 | D:1      | Reached XP level 3. HP: 23/24 MP: 4/4
   810 | D:1      | Learned a level 3 spell: Summon Guardian Golem
  1284 | D:2      | Found a white marble altar of Elyvilon.
  1339 | D:2      | Reached skill level 4 in Crossbows
  1480 | D:2      | Found a radiant altar of Vehumet.
  1664 | D:2      | Reached XP level 4. HP: 30/30 MP: 5/5
  1685 | D:2      | Slain by a gnoll

Skill      XL: |  1  2  3 |
---------------+----------+-----
Crossbows      | 4 |  4.4
Fighting       | |  2.4
Dodging        | |  0.4
Stealth        | |  1.7
Spellcasting   | |  1.2
Summonings     | |  0.2
Poison Magic   | |  2.4
Evocations     | |  1.1

Action                   |  1- 3 |  4- 6 || total
-------------------------+-------+-------++-------
 Fire: Hand crossbow     |    78 |    12 ||    90
 Cast: Summon Butterflie |     3 |       ||     3
  Use: Scroll            |     7 |     1 ||     8
  Eat: Bread ration      |     1 |       ||     1
Armor: Skin              |     2 |       ||     2
Dodge: Dodged            |    24 |     4 ||    28
